 Dungeon Crawl Stone Soup version 0.02-122-g12e50fee3c (webtiles) character file.

Game seed: 1393273280218674341, levelgen mode: deterministic

1753 Lanoc the Fighter (level 8, -13/76 HPs) Cyan Draconian Demonspawn. Began on Oct 3, 2020. Mangled by a troll (15 damage) ... on level 4 of the Dungeon. The game lasted 00:13:12 (3008 turns).

Lanoc the Fighter (Cyan Draconian Demonspawn)       Turns: 3008, Time: 00:13:13

Health: -13/76     AC:  8    Str: 22    XL:     8 ^: 293
Magic:  0/12       EV: 20    Int: 11    God:
Gold:   149        SH:  6    Dex: 17    Spells: 11/12 levels left

rFire    + . .     Vision   .   k - +4 hatchet
rCold    + + .     Gourm    .   e - +0 buckler {rC+ rF+}
rNeg     . . .     Faith    .   (armour unavailable)
rPois    .         Spirit   +   (helmet restricted)
rElec    .         Reflect  .   (no cloak)
rCorr    .         Harm     .   (no gloves)
MR       .....                  (no boots)
Stlth    +++.......             (no amulet)
HPRegen  0.35/turn              (no ring)
MPRegen  0.44/turn              (no ring)

@: mighty, agile, short of breath
A: no body armour, unfitting armour, rugged brown scales 1, cold resistance 1,
dopey 1, magic shield, magic regeneration, cold-blooded, translocations enhancer
1, rCloud, rAir, AC +7
a: Breathe Blast of Wind


You were on level 4 of the Dungeon.
You were hungry.

You visited 1 branch of the dungeon, and saw 5 of its levels.

You collected 149 gold pieces.

Inventory:

Weapons
 k - a +4 hatchet (weapon) Shields
 e - a +0 buckler of resistance (shield)
Wands
 f - a wand of random effects (1)
Scrolls
 b - a scroll of amnesia
 d - 2 scrolls of teleportation
 i - 3 scrolls of enchantment
Potions
 a - a potion of agility
Comestibles
 c - 10 rations


   Skills:
 + Level 8.1 Fighting
   Level 1.5 Long Blades
 + Level 5.9 Dodging
 - Level 1.3 Stealth
 + Level 3.9 Shields
 - Level 2.6 Spellcasting
   Level 3.0 Invocations


You had 11 spell levels left.
You knew the following spells:

 Your Spells              Type           Power        Failure   Level  Hunger
a - Flame Tongue          Fire           1 (40)       34%         1    ##.....

Your spell library contained the following spells:

 Spells                   Type           Power        Failure   Level  Hunger
 Blink                    Tloc           N/A          45%         2    ###....
 Call Imp                 Summ           1 (100)      45%         2    ###....
 Slow                     Hex            1 (100)      45%         2    ###....
 Conjure Flame            Fire           1 (100)      71%         3    ####...
 Mephitic Cloud           Pois/Air       1 (100)      71%         3    ####...


Dungeon Overview and Level Annotations

Branches:
Dungeon (5/8)
 Temple: D:4           Lair: D:5

Altars:
Hepliaklqana
Sif Muna
Vehumet

Shops:
D:4 (


Innate Abilities, Weirdness & Mutations

You cannot fit into any form of body armour.
Your empereal azure scales are hard. (AC +7)
You can breathe strong gales of wind.
You are partially covered in rugged brown scales. (AC +1, +3% HP)
You are cold resistant. (rC+)
When hurt, damage is shared between your health and your magic reserves.
You regenerate magic rapidly.
You are cold-blooded and may be slowed by cold attacks.
You are in touch with the powers of translocation.
Your empereal azure scales grant you immunity to the effects of clouds and air. (rCloud, rAir)
You are dopey. (Int -2)


Message History

You fail to use your ability.
The troll misses you (0). The troll claws you (5).
* * * LOW HITPOINT WARNING * * *
The troll closely misses you (0). The adder barely misses you (0).
You exhale a mighty gale!
The scorpion and the adder are blown away by the wind.
You are feeling hungry.
You block the troll's attack. The troll closely misses you (0).
The troll claws you (9)!
* * * LOW HITPOINT WARNING * * *
You feel better. You block the troll's attack. The troll claws you (1).
* * * LOW HITPOINT WARNING * * *
You block the troll's attack.
You feel agile all of a sudden. The troll closely misses you (0).
The troll claws you (14)!
* * * LOW HITPOINT WARNING * * *
You block the troll's attack.
You feel very mighty all of a sudden. The adder completely misses you (0).
The troll bites you (15)!
You die...

#########
#@T......
#S######.
#s# #.#
#.# #.#
#.# #.#


You could see a troll, a scorpion and an adder.

Vanquished Creatures
  Eustachio (D:2)
  A porcupine (D:4)
  2 sky beasts (D:4)
  3 ogres
  3 big kobolds (D:2)
  A crocodile (D:2)
  Blork the orc (D:2)
  A crimson imp (D:3)
  2 orc priests (D:3)
  A hound (D:4)
  4 jellies (D:2)
  3 orc wizards
  An iguana (D:3)
  Terence (D:2)
  A worker ant (D:2)
  2 bullfrog zombies (D:4)
  A bullfrog skeleton (D:4)
  6 adders
  3 gnolls
  13 sewer rats (D:2)
  2 white imps (D:3)
  7 cinder newts (D:2)
  A worm (D:2)
  An ooze (D:3)
  5 leopard geckos
  9 orcs
  An adder skeleton (D:2)
  3 bats
  A cinder newt skeleton (D:2)
  A goblin (D:2)
  4 jackals (D:4)
  A quokka (D:4)
  4 ball pythons (D:2)
  7 kobolds (D:2)
  6 withered plants (D:2)
104 creatures vanquished.

Vanquished Creatures (others)
  An adder (D:2)
  3 sewer rats (D:2)
  A hobgoblin skeleton (D:2)
  4 kobolds (D:2)
  158 withered plants (D:2)
167 creatures vanquished.

Grand Total: 271 creatures vanquished

Notes
Turn   | Place    | Note
-------+----------+-------------------------------------------
     0 | D:1      | Lanoc the Immature Draconian Demonspawn began the quest for
                  | the Orb.
     0 | D:1      | Reached XP level 1. HP: 18/18 MP: 4/4
    70 | D:2      | Noticed Terence
   102 | D:2      | Killed Terence
   102 | D:2      | Reached skill level 3 in Fighting
   102 | D:2      | Gained mutation: When hurt, damage is shared between your
                  | health and your magic reserves. [demonic ancestry]
   102 | D:2      | Reached XP level 2. HP: 18/26 MP: 1/5
   152 | D:2      | Reached XP level 3. HP: 22/31 MP: 5/7
   195 | D:2      | Gained mutation: You are partially covered in rugged brown
                  | scales. (AC +1, +3% HP) [demonic ancestry]
   195 | D:2      | Reached XP level 4. HP: 25/41 MP: 0/8
   220 | D:2      | Noticed a big kobold
   238 | D:2      | Killed a big kobold
   238 | D:2      | Reached skill level 4 in Fighting
   238 | D:2      | Reached XP level 5. HP: 31/48 MP: 5/9
   425 | D:2      | HP: 1/48 [crocodile (11)]
   427 | D:2      | Reached skill level 5 in Fighting
   427 | D:2      | Gained mutation: You are cold resistant. (rC+) [demonic
                  | ancestry]
   427 | D:2      | Reached XP level 6. HP: 2/57 MP: 0/10
   687 | D:2      | Reached skill level 1 in Shields
   982 | D:3      | Noticed Eustachio
  1038 | D:2      | Killed Eustachio
  1038 | D:2      | Reached skill level 6 in Fighting
  1038 | D:2      | Your scales start taking on an empereal azure colour.
  1038 | D:2      | Reached XP level 7. HP: 64/64 MP: 8/11
  1038 | D:2      | Gained mutation: You regenerate magic rapidly. [demonic
                  | ancestry]
  1038 | D:2      | Gained mutation: Your empereal azure scales grant you
                  | immunity to the effects of clouds and air. (rCloud, rAir)
                  | [Cyan Draconian growth]
  1038 | D:2      | Gained mutation: You are in touch with the powers of
                  | translocation. [Cyan Draconian growth]
  1136 | D:3      | Noticed Blork the orc
  1636 | D:2      | Reached skill level 5 in Dodging
  1659 | D:2      | Gained mutation: You are dopey. (Int -2) [an orc wizard]
  1678 | D:2      | Reached XP level 8. HP: 25/73 MP: 6/12
  1870 | D:2      | Killed Blork the orc
  1870 | D:2      | Reached skill level 7 in Fighting
  2076 | D:3      | Found a hazy altar of Hepliaklqana.
  2291 | D:3      | Found a shimmering blue altar of Sif Muna.
  2371 | D:4      | Found Pemmog's Weapon Emporium.
  2702 | D:4      | Reached skill level 8 in Fighting
  2912 | D:5      | Entered Level 5 of the Dungeon
  2922 | D:5      | Noticed a troll
  2959 | D:5      | Found a radiant altar of Vehumet.
  3007 | D:4      | HP: 2/76 [troll (11)]
  3008 | D:4      | Mangled by a troll

Levels and vault maps discovered:
D:1:      psy_arrival_dodecagon, layout_rooms
D:2:      layout_sewer, serial_column_ruins, column_ruins_hut_pillars,
          column_ruins_hut, column_ruins_open_small,
          column_ruins_columns_straight, column_ruins_corridor_straight,
          first_ration, chequers_serial_rivers_room_b, guppyfry_early_orc_mine,
          uniq_crazy_yiuf_cottage, uniq_terence
D:3:      layout_cave_pools, kennysheep_mini_moat, kennysheep_mini,
          uniq_eustachio, uniq_blork_the_orc
D:4:      layout_basic, lemuel_coloured_pillars_altar,
          minmay_temple_entry_poolview, serial_shops,
          nicolae_shop_temple_entry_statues_fountains, uniq_prince_ribbit1
D:5:      layout_irregular_city, old_standard_altar, due_lair_maze_entry_diamond

Skill      XL: |  1  2  3  4  5  6  7  8 |
---------------+-------------------------+-----
Fighting       | 3 4 5 6 8 |  8.1
Dodging        | 3 4 5 |  5.9
Shields        | 1 2 3 |  3.9
Long Blades    | |  1.5
Stealth        | |  1.3
Spellcasting   | |  2.6
Invocations    | |  3.0

Action                   |  1- 3 |  4- 6 |  7- 9 || total
-------------------------+-------+-------+-------++-------
Melee: Long sword        |    29 |    82 |   201 ||   312
       Unarmed           |    25 |    18 |       ||    43
       Tailslap          |     6 |     9 |    41 ||    56
       Hatchet           |       |       |    68 ||    68
 Cast: Flame Tongue      |     8 |    37 |     9 ||    54
 Abil: Breathe Dart      |       |     1 |       ||     1
       Breathe Blast of  |       |       |     8 ||     8
  Use: Potion            |       |       |     4 ||     4
 Stab: Sleeping          |       |     1 |     1 ||     2
       Distracted        |       |       |     1 ||     1
  Eat: Chunk             |       |     1 |    10 ||    11
Armor: Skin              |    14 |    47 |   107 ||   168
Dodge: Dodged            |    33 |   145 |   283 ||   461
Block: Buckler           |       |    26 |   118 ||   144
       Rpst.: Long sword |    12 |    49 |    56 ||   117
       Unarmed           |     8 |    15 |       ||    23
